 Dungeon Crawl Stone Soup version 0.17-a0-1642-gd4b747b (webtiles) character file.

3105 karlkraus the Basher (level 9, -4/79 HPs)
             Began as a Minotaur Fighter on Aug 9, 2015.
             Was a Believer of Qazlal.
             Slain by Ajdolov's ghost (18 damage)
             ... on level 8 of the Dungeon.
             The game lasted 00:13:44 (5579 turns).

karlkraus the Basher (Minotaur Fighter)             Turns: 5579, Time: 00:13:44

Health: -4/79      AC: 16    Str: 26    XL:     9   Next: 60%
Magic:  8/8        EV:  8    Int:  5    God:    Qazlal [**....]
Gold:   471        SH: 14    Dex: 13    Spells: 0 memorised, 8 levels left

rFire  + . .     SeeInvis .     a - +0 flail
rCold  . . .     Clarity  .     z - +0 plate armour
rNeg   . . .     SustAt   +     c - +0 shield
rPois  .         Gourm    .     (helmet restricted)
rElec  .         Spirit   .     h - +0 cloak
rCorr  .         Warding  .     (no gloves)
rMut   .         Stasis   .     l - +0 pair of boots
MR     .....                    (no amulet)
Stlth  ..........               y - ring of sustain attributes
                                o - ring of protection from fire

@: mighty, not resistant to hostile enchantments, extremely unstealthy
A: retaliatory headbutt, horns 2, regeneration 1, evolution 1, MP-powered wands
a: Upheaval, Renounce Religion


You were on level 8 of the Dungeon.
You worshipped Qazlal.
Qazlal was pleased with you.
You were hungry.

You visited 1 branch of the dungeon, and saw 8 of its levels.

You collected 471 gold pieces.

Inventory:

Hand weapons
 a - a +0 flail (weapon)
Armour
 c - a +0 shield (worn)
 h - a +0 cloak (worn)
 l - a +0 pair of boots (worn)
 z - a +0 plate armour (worn)
Jewellery
 o - a ring of protection from fire (left hand)
 y - a ring of sustain attributes (right hand)
Magical devices
 v - a wand of magic darts (26)
 D - a wand of disintegration (1)
Scrolls
 d - 2 scrolls of recharging
 f - 8 scrolls of identify
 k - a scroll of amnesia
 r - a scroll of enchant weapon {unknown}
 s - 3 scrolls of teleportation
 u - a scroll of enchant armour {unknown}
 w - 2 scrolls of remove curse
Potions
 b - a potion of brilliance {unknown}
 g - a potion of haste {unknown}
 n - 10 potions of curing
 q - a potion of lignification
 x - 2 potions of poison {unknown}
 A - a potion of degeneration {unknown}
 B - a potion of invisibility {unknown}
 C - 2 potions of agility {unknown}
 E - 2 potions of cure mutation {unknown}
Books
 m - a book of Dreams

   Spells                             Type                      Level
   a - Ensorcelled Hibernation        Hexes/Ice                    2
   b - Phase Shift                    Translocation                5
   c - Shadow Creatures               Summoning                    5
   d - Silence                        Hexes/Air                    5
   e - Darkness                       Hexes                        6
   f - Mass Confusion                 Hexes                        6
Comestibles
 e - 3 bread rations
 i - 2 beef jerkies
 j - 4 slices of pizza
 p - 8 fruits
 t - 5 meat rations


   Skills:
 + Level 7.4 Fighting
 + Level 8.9 Maces & Flails
 + Level 8.5 Armour
 + Level 5.1 Dodging
 + Level 0.6 Stealth
 + Level 8.1 Shields


You had 8 spell levels left.
You didn't know any spells.

Dungeon Overview and Level Annotations

Branches:
Dungeon (8/15)             Temple (0/1) D:6
   Lair: D:8-11

Altars:
Dithmenos
Kikubaaqudgha
Qazlal
Sif Muna
Vehumet
Xom
Zin

Shops:
D:5 [

Annotations:
D:8 Ajdolov's ghost, experienced OgBe


Innate Abilities, Weirdness & Mutations

You reflexively headbutt those who attack you in melee.
You have a pair of horns on your head.
Your natural rate of healing is unusually fast.
You evolve.
You expend magic power (3 MP) to strengthen your wands.


Message History

You hit the giant cockroach.
You kill the giant cockroach!
Qazlal accepts your kill.
Your shield and plate armour prevent you from hitting Ajdolov's ghost.
Your headbutt misses Ajdolov's ghost. Ajdolov's ghost hits you!!
Drink which item? (? for menu, Esc to quit)
You feel very mighty all of a sudden. You block Ajdolov's ghost's attack.
You sock Ajdolov's ghost! You headbutt Ajdolov's ghost.
Ajdolov's ghost is lightly damaged.
Ajdolov's ghost hits you!!
* * * LOW HITPOINT WARNING * * *
You are too injured to fight recklessly!
You are too injured to fight recklessly!
You are too injured to fight recklessly!
You are too injured to fight recklessly!
You thump Ajdolov's ghost! You headbutt Ajdolov's ghost!!
Ajdolov's ghost is heavily damaged.
Ajdolov's ghost hits you!!
You die...

########## #........###
#...(....... ##### #..#########
#...# #..#.......#
##########...#########..##.._..##
...............W@................
##########...####.#####..........
# #...####.## #..P.###... ######
#...##....# #.P.P.#...P .)...##
#...##....# #.P....PP.P ####..#
#...##....# #..P....... # ##.#
#...##....#####..#......
#####.####...##..................
.................................


You could see Ajdolov's ghost.

Vanquished Creatures
  Pikel (D:4)
  2 hippogriffs (D:7)
  Edmund (D:5)
  A sky beast (D:8)
  An ice beast (D:7)
  2 orc warriors
  A phantom (D:8)
  4 ogres
  A centaur (D:5)
  2 giant frogs (D:8)
  A water moccasin zombie (D:8)
  A wight (D:7)
  2 scorpions
  A hound (D:4)
  2 jellies
  2 centaur zombies
  2 giant frog zombies
  A centaur skeleton (D:8)
  4 crimson imps
  2 orc priests (D:4)
  5 worker ants
  4 giant frog skeletons
  4 iguanas
  3 orc wizards
  A killer bee zombie (D:6)
  A hound zombie (D:7)
  A shadow imp (D:7)
  6 adders
  2 oozes
  An adder skeleton (D:5)
  3 worms
  26 orcs
  A ball python (D:1)
  7 giant cockroaches
  10 hobgoblins
  7 bats
  4 giant geckos
  A giant gecko skeleton (D:6)
  9 giant newts
  4 goblins
  11 kobolds
  A quokka skeleton (D:5)
  10 rats
156 creatures vanquished.

Notes
Turn   | Place    | Note
--------------------------------------------------------------
     0 | D:1      | karlkraus the Minotaur Fighter began the quest for the Orb.
     0 | D:1      | Reached XP level 1. HP: 19/19 MP: 0/0
    37 | D:1      | Reached skill level 4 in Shields
    88 | D:1      | Reached XP level 2. HP: 24/27 MP: 1/1
   685 | D:2      | Reached XP level 3. HP: 33/33 MP: 2/2
   746 | D:2      | Found a radiant altar of Vehumet.
   921 | D:2      | Reached XP level 4. HP: 27/40 MP: 3/3
  1172 | D:2      | Reached skill level 1 in Dodging
  1839 | D:3      | Found a stormy altar of Qazlal.
  1840 | D:3      | Found a glowing silver altar of Zin.
  2018 | D:3      | Found a shadowy altar of Dithmenos.
  2029 | D:3      | Found a shimmering altar of Xom.
  2091 | D:4      | Reached skill level 5 in Shields
  2091 | D:4      | Reached XP level 5. HP: 35/46 MP: 4/4
  2313 | D:4      | Reached XP level 6. HP: 20/53 MP: 5/5
  2611 | D:4      | Noticed Pikel
  2611 | D:4      | Noticed a slave
  2611 | D:4      | Noticed a slave
  2611 | D:4      | Noticed a slave
  2611 | D:4      | Noticed a slave
  2617 | D:4      | Reached skill level 5 in Armour
  2636 | D:4      | Killed Pikel
  2636 | D:4      | Reached skill level 5 in Fighting
  2636 | D:4      | Reached skill level 5 in Maces & Flails
  2636 | D:4      | Reached XP level 7. HP: 50/61 MP: 6/6
  2667 | D:3      | Became a worshipper of Qazlal Stormbringer
  2705 | D:5      | Entered Level 5 of the Dungeon
  2733 | D:5      | Reached skill level 6 in Maces & Flails
  2819 | D:5      | Found Lamaekk's Antique Armour Emporium.
  2989 | D:5      | Reached XP level 8. HP: 51/70 MP: 7/7
  3034 | D:5      | Noticed Edmund
  3041 | D:5      | Killed Edmund
  3405 | D:5      | Reached skill level 7 in Maces & Flails
  3509 | D:6      | Acquired Qazlal's first power
  3545 | D:6      | Found a staircase to the Ecumenical Temple.
  4048 | D:6      | Found a deep blue altar of Sif Muna.
  4459 | D:7      | Reached XP level 9. HP: 74/78 MP: 8/8
  4734 | D:7      | Reached skill level 5 in Dodging
  4748 | D:7      | Reached skill level 8 in Maces & Flails
  5080 | D:8      | Gained mutation: You evolve. [mutagenic meat]
  5081 | D:8      | Gained mutation: Your body sometimes deteriorates upon taking damage. [mutagenic meat]
  5082 | D:8      | Lost mutation: Your body sometimes deteriorates upon taking damage. [mutagenic meat]
  5083 | D:8      | Gained mutation: Your natural rate of healing is unusually fast. [mutagenic meat]
  5084 | D:8      | Gained mutation: You expend magic power (3 MP) to strengthen your wands. [mutagenic meat]
  5100 | D:8      | Acquired Qazlal's second power
  5242 | D:8      | Found an ancient bone altar of Kikubaaqudgha.
  5571 | D:8      | Noticed Ajdolov's ghost (experienced OgBe)
  5579 | D:8      | Slain by Ajdolov's ghost

Vault maps used:
D:1:      saegor_arrival_simple_b, nrook_mini_vaults
D:2:      vehumet_crystals, st_stairs_4, grunt_decor_cap,
          kennysheep_decorative_pillar, minmay_ruptured
D:3:      nicolae_overflow_hidden_temple
D:4:      first_bread, uniq_pikel
D:5:      lemuel_ice_spiral_2, serial_shops, nicolae_shop_crystal, uniq_edmund
D:6:      lemuel_blue_sif_altar, minmay_temple_entry_hall, minmay_crossroads
D:8:      kiku_gazebo_garden_becter

Action                   |  1- 3 |  4- 6 |  7- 9 || total
-------------------------+-------+-------+-------++-------
Melee: Flail             |   104 |   138 |   321 ||   563
  Use: Scroll            |       |     5 |     9 ||    14
       Potion            |       |       |     2 ||     2
  Eat: Chunk             |       |     5 |    15 ||    20
       Fruit             |       |       |     1 ||     1
